 Dungeon Crawl Stone Soup version 0.31-a0-246-g8cbcc1cb85 (webtiles) character file.

Game seed: 7003244393282957448

161 Dittersdorf the Covered (level 5, -1/33 HPs)
             Began as a Gargoyle Fighter on July 12, 2023.
             Killed by nerve-wracking pain
             ... invoked by Grinder
              (4 damage)
             ... on level 4 of the Dungeon.
             The game lasted 00:02:20 (2342 turns).

Dittersdorf the Covered (Gargoyle Fighter)          Turns: 2342, Time: 00:02:21

Health: -1/33      AC: 11    Str: 22    XL:     5   Next: 42%
Magic:  5/5        EV: 14    Int:  8    God:
Gold:   106        SH:  4    Dex:  9    Spells: 4/4 levels left

rFire   . . .        a - +0 flail
rCold   . . .        c - +0 buckler
rNeg    + . .        b - +0 scale mail
rPois   ∞            (no helmet)
rElec   +            (no cloak)
rCorr   .            (no gloves)
SInv    .            (no boots)
Will    .....        (no amulet) Stlth
                     q - +5 ring of evasion
HPRegen 0.25/turn    (no ring)
MPRegen 0.09/turn

%: no passive effects
@: no status effects
A: sickness immunity, AC +4, negative energy resistance 1, electricity
resistance, torment resistance 1, petrification resistance
a: no special abilities


You were on level 4 of the Dungeon.
You visited 1 branch of the dungeon, and saw 4 of its levels.

You collected 106 gold pieces.

Inventory:

Hand Weapons
 a - a +0 flail (weapon)
Missiles
 f - 5 poisoned darts
Armour
 b - a +0 scale mail (worn)
 c - a +0 buckler (worn)
Jewellery
 q - a +5 ring of evasion (left hand)
Scrolls
 e - 2 scrolls of vulnerability {unknown}
 j - 3 scrolls of teleportation {unknown}
 l - a scroll of poison {unknown}
 n - a scroll of fog {unknown}
 p - a scroll of silence
Potions
 d - 4 potions of might
 i - a potion of mutation
 k - a potion of heal wounds
 o - a potion of invisibility


   Skills:
 + Level 4.3 Fighting
 + Level 3.1 Maces & Flails
 + Level 4.3 Armour
 + Level 4.3 Shields


You had 4 spell levels left.
You didn't know any spells.
Your spell library was empty.

Dungeon Overview and Level Annotations

Branches:
Dungeon (4/15)
 Temple: D:4-7

Altars:
Ashenzari
Gozag
Kikubaaqudgha
Yredelemnul

Annotations:
D:4 Grinder


Innate Abilities, Weirdness & Mutations

You are immune to sickness and miasma.
Your stone body is resilient. (AC +4)
You are immune to poison.
You resist negative energy. (rN+)
You are resistant to electric shocks. (rElec)
You are resistant to unholy torment.
You are immune to petrification.


Message History

You are too injured to fight recklessly!
You are too injured to fight recklessly!
You hit Grinder.
Grinder is heavily wounded.
Grinder closely misses you.
You hit Grinder.
Grinder is heavily wounded.
Grinder says, "FISH!"
Grinder gestures at you. Pain shoots through your body!
You hit Grinder.
Grinder is heavily wounded.
Grinder gestures at you. Pain shoots through your body!
You hit Grinder.
Grinder is severely wounded.
Grinder gestures at you. Pain shoots through your body!
* * * LOW HITPOINT WARNING * * *
Grinder gestures at you. Pain shoots through your body!
* * * LOW HITPOINT WARNING * * *
You closely miss Grinder.
Grinder is severely wounded.
Grinder closely misses you.
You hit Grinder.
Grinder is almost dead.
Grinder blinks!
Grinder gestures at you.
You suddenly lose the ability to move!
Grinder gestures at you.
You barely resist.
You can move again.
Grinder barely misses you.
You barely miss Grinder.
Grinder is almost dead.
Grinder blinks!
Grinder gestures at you. Pain shoots through your body!
You die...

### #.# #.####.#
#......################
#. ##...))..........!.
###.###..#############.##
##......§........ #.#
#...≈§§§≈@..##### #.#
..≈.5≈§≈..≈.....# #.#
..≈≈.....≈≈..##.# #.#
......_.........# #.#
..§§§§§..≈§..#### #.#
..§§§§.≈§§≈..# #.#
#...§§§≈≈§..## #.#
....§.§§§..## #.#
#..#.#####.# #####.##


You could see Grinder.

Vanquished Creatures
  An orc priest (D:3)
  Jessica (D:2)
  2 orc wizards
  An adder (D:2)
  2 worms
  A dart slug (D:1)
  2 orcs (D:4)
  5 endoplasms
  2 giant cockroaches
  2 goblins
  3 hobgoblins
  4 jackals
  2 quokkas
  A ball python (D:1)
  5 bats
  3 frilled lizards
  2 kobolds (D:2)
  3 rats
42 creatures vanquished.

Notes
Turn   | Place    | Note
-------+----------+-------------------------------------------
     0 | D:1      | Dittersdorf the Gargoyle Fighter began the quest for the
                  | Orb.
     0 | D:1      | Reached XP level 1. HP: 14/14 MP: 1/1
   153 | D:1      | Reached XP level 2. HP: 19/19 MP: 2/2
   643 | D:2      | Reached XP level 3. HP: 21/23 MP: 3/3
   718 | D:2      | Noticed Jessica
   719 | D:2      | Killed Jessica
   869 | D:2      | Reached XP level 4. HP: 29/29 MP: 4/4
  1310 | D:3      | Found an opulent altar of Gozag.
  1341 | D:3      | Found a basalt altar of Yredelemnul.
  1368 | D:3      | Found an ancient bone altar of Kikubaaqudgha.
  1967 | D:4      | Found a broken altar of Ashenzari.
  1967 | D:4      | Noticed a water moccasin
  2102 | D:4      | Noticed Grinder
  2273 | D:3      | Reached XP level 5. HP: 33/33 MP: 5/5
  2334 | D:4      | HP: 1/33 [Grinder/nerve-wracking pain (4)]
  2337 | D:4      | Paralysed by Grinder for 3 turns
  2342 | D:4      | Killed from afar by Grinder

Illustrated notes

Levels and vault maps discovered:
D:1:      amcnicky_arrival_flooded_fountain, layout_basic
D:2:      layout_loops_ring, uniq_jessica
D:3:      layout_loops_ring, lemuel_tele_altar, kiku_gazebo_garden_becter,
          nicolae_gozag_cash_rules_everything_around_me, serial_park_tiny_1
D:4:      layout_basic, mainiacjoe_overflow_small_starburst,
          mainiacjoe_overflow_boulevard, serial_shops, nicolae_diamond_shop,
          uniq_grinder

Skill      XL: |  1  2  3  4 |
---------------+-------------+-----
Shields        | 4 |  4.3
Armour         | 4 |  4.3
Fighting       | 4 |  4.3
Maces & Flails | 3 |  3.1

Action                     |  1- 3 |  4- 6 || total
---------------------------+-------+-------++-------
  Melee: Flail             |    63 |    85 ||   148
    Use: Scroll            |       |     6 ||     6
 Armour: Scale mail        |    33 |    49 ||    82
  Dodge: Dodged            |    33 |    31 ||    64
  Block: Buckler           |    14 |     7 ||    21

Table legend: (Time is in decaauts)
 A = Elapsed time spent in this place.
 B = Non-inter-level travel time spent in this place.
 C = Inter-level travel time spent in this place.
 D = Time resting spent in this place.
 E = Time spent auto-exploring this place.
 F = Levels seen in this place.
 G = Mean time per level.
                   A        B        C        D        E       F      G
               +--------+--------+--------+--------+--------+-----+--------+
         Total |   2390 |   2289 |    101 |    195 |   1668 |   4 |  597.5 |
       Dungeon |   2390 |   2289 |    101 |    195 |   1668 |   4 |  597.5 |
               +--------+--------+--------+--------+--------+-----+--------+

Top non-repeatable levels by time:
     D:3: 761 daAuts
     D:2: 707 daAuts
     D:1: 612 daAuts
     D:4: 309 daAuts
